 Dungeon Crawl Stone Soup version 0.29.0-4-gdea44cf6ec (webtiles) character file.

Game seed: 17304453606675743167

39 qw the Ruffian (level 3, 0/28 HPs)
             Began as a Ghoul Fire Elementalist on Aug 29, 2022.
             Slain by a gnoll
             ... wielding a +0 flail
              (5 damage)
             ... on level 2 of the Dungeon.
             The game lasted 00:01:22 (1199 turns).

qw the Ruffian (Ghoul Fire Elementalist)            Turns: 1199, Time: 00:01:23

Health: 0/28       AC: 10    Str: 13    XL:     3   Next: 45%
Magic:  4/4        EV:  3    Int: 10    God:
Gold:   110        SH:  0    Dex:  9    Spells: 4/5 levels left

rFire   . . .      SeeInvis .     - Unarmed
rCold   + . .      Faith    .   (no shield)
rNeg    + + +      Spirit   .   h - +0 plate armour
rPois   inf        Reflect  .   (no helmet)
rElec   .          Harm     .   (no cloak)
rCorr   .          Rampage  .   (no gloves)
Will    .....                   (no boots)
Stlth   ..........              a - amulet of the acrobat
HPRegen 0.00/turn               (no ring)
MPRegen 0.09/turn               (no ring)

@: inhibited regen
A: claws 1, cold resistance 1, negative energy resistance 3, inhibited
regeneration, torment resistance 2, devour on kill
a: no special abilities


You were on level 2 of the Dungeon.
You visited 1 branch of the dungeon, and saw 2 of its levels.

You collected 110 gold pieces.


Innate Abilities, Weirdness & Mutations

You are immune to poison.
You have sharp fingernails.
Your flesh is cold resistant. (rC+)
You are immune to negative energy. (rN+++)
You do not regenerate when monsters are visible.
You are immune to unholy pain and torment.
You thrive by killing the living.


   Skills:
 - Level 1.0 Fighting
 + Level 0.0 Armour
 - Level 1.7 Dodging
 - Level 2.1 Stealth
 - Level 3.0 Unarmed Combat
 - Level 1.7 Spellcasting
 - Level 0.7 Conjurations
 - Level 2.4 Fire Magic


You had 4 spell levels left.
You knew the following spells:

 Your Spells              Type           Power      Damage    Failure   Level
a - Foxfire               Conj/Fire      16%        2x1d4     100%        1

Your spell library contained the following spells:

 Spells                   Type           Power      Damage    Failure   Level
 Scorch                   Fire           10%        2d6       100%        2
 Conjure Flame            Conj/Fire      4%         6-21      100%        3
 Inner Flame              Hex/Fire       3%         N/A       100%        3
 Flame Wave               Conj/Fire      4%         2d5       100%        4

Inventory:

Armour
 h - a +0 plate armour (worn)
Jewellery
 a - an amulet of the acrobat (around neck)
 j - a ring of fire
Scrolls
 b - a scroll of blinking {unknown}
 c - a scroll of noise {unknown}
 g - 2 scrolls of identify
Potions
 e - a potion of berserk rage {unknown}
 i - a potion of heal wounds {unknown}

Dungeon Overview and Level Annotations

Branches:
Dungeon (2/15)

Altars:
Wu Jian


Message History

1182 ||| UPGRADING to amulet of the acrobat.
You start putting on your amulet.
You continue putting on your amulet of the acrobat. x2
Keep equipping yourself?
You continue putting on your amulet of the acrobat.
The gnoll shouts!
You continue putting on your amulet of the acrobat.
The gnoll shouts!
You hear a shout!
You continue putting on your amulet of the acrobat.
You finish putting on your amulet of the acrobat.
You feel ready to tumble and roll out of harm's way.
a - an amulet of the acrobat (around neck)
You closely miss the gnoll. The gnoll hits you but does no damage.
1190 ||| Stepping ~*~*~tactically~*~*~ (outnumbered).
The gnoll attacks as you move away! The gnoll hits you but does no damage.
You claw the ball python!
You kill the ball python!
Your Unarmed Combat skill increases to level 3!
You barely miss the gnoll. You scratch the gnoll.
The gnoll is moderately wounded.
The gnoll hits you with a +0 club.
A gnoll comes into view. It is wielding a +0 halberd.
1194 ||| Stepping ~*~*~tactically~*~*~ (hiding).
The gnoll attacks as you move away! The gnoll hits you with a +0 club.
1195 ||| Stepping ~*~*~tactically~*~*~ (outnumbered).
The gnoll attacks as you move away! The gnoll completely misses you.
The gnoll attacks as you move away! The gnoll completely misses you.
1196 ||| Stepping ~*~*~tactically~*~*~ (outnumbered).
The gnoll attacks as you move away! The gnoll closely misses you.
The gnoll attacks as you move away! The gnoll hits you with a +0 flail.
1197 ||| Stepping ~*~*~tactically~*~*~ (outnumbered).
The gnoll attacks as you move away! The gnoll hits you with a +0 flail!
1198 ||| Stepping ~*~*~tactically~*~*~ (outnumbered).
The gnoll hits you with a +0 club.
You scratch the gnoll.
The gnoll is moderately wounded.
The gnoll hits you with a +0 club! The gnoll hits you with a +0 flail.
You die...

.#...## ...
......###....^
.....g.......
.......#....
#####.g###...#.#
#@K....#?#...#.. :
#gg.g..###.....#..
.##$...#.....#.#.#..
#...........#.#.#.#..
#######.###..........
#.# ###.##..... #.#
#........ #..
####.....
###.#####......


You could see 4 gnolls and a kobold.

Vanquished Creatures
  2 dart slugs
  3 ball pythons
  7 endoplasms
  A giant cockroach (D:1)
  3 goblins (D:2)
  A hobgoblin (D:1)
  3 jackals (D:2)
  2 quokkas
  2 bats (D:1)
  2 frilled lizards
  3 rats (D:1)
29 creatures vanquished.

Notes
Turn   | Place    | Note
-------+----------+-------------------------------------------
     0 | D:1      | qw the Ghoul Fire Elementalist began the quest for the Orb.
     0 | D:1      | Reached XP level 1. HP: 14/14 MP: 2/2
     0 | D:1      | 0 ||| qw: Version: 0.1-a-90-g952f4b7
     0 | D:1      | 0 ||| qw: Game counter: 4198
     0 | D:1      | 0 ||| qw: Always use a shield: true
     0 | D:1      | 0 ||| qw: God list: Okawaru
     0 | D:1      | 0 ||| qw: Allow faded altars: false
     0 | D:1      | 0 ||| qw: Do Orc after D:15 true
     0 | D:1      | 0 ||| qw: Do second Lair branch before Depths: true
     0 | D:1      | 0 ||| qw: Lair rune preference: random
     0 | D:1      | 0 ||| qw: Plans: Normal
     0 | D:1      | 0 ||| PLANNING D:1-11
   179 | D:1      | Reached skill level 1 in Unarmed Combat
   270 | D:1      | Reached skill level 1 in Fighting
   270 | D:1      | Reached XP level 2. HP: 22/23 MP: 3/3
   657 | D:1      | Reached skill level 2 in Unarmed Combat
   861 | D:1      | 861 ||| UPGRADING to +0 leather armour.
   871 | D:1      | 871 ||| DROPPING +0 robe.
   872 | D:1      | 872 ||| UPGRADING to +0 plate armour.
   882 | D:1      | 882 ||| DROPPING +0 leather armour.
   883 | D:1      | 883 ||| DROPPING amulet of faith.
   884 | D:1      | 884 ||| READING 2 scrolls labelled JUZXYST PUZOE.
   885 | D:1      | 885 ||| READING scroll labelled DUISYIHAE.
   886 | D:1      | 886 ||| DROPPING potion of magic.
   898 | D:2      | Found an ornate altar of the Wu Jian Council.
   936 | D:2      | Reached XP level 3. HP: 28/28 MP: 4/4
   939 | D:2      | 939 ||| Stepping ~*~*~tactically~*~*~ (hiding).
   940 | D:2      | 940 ||| Stepping ~*~*~tactically~*~*~ (hiding).
   946 | D:2      | 946 ||| Stepping ~*~*~tactically~*~*~ (outnumbered).
   947 | D:2      | 947 ||| Stepping ~*~*~tactically~*~*~ (outnumbered).
   948 | D:2      | 948 ||| Stepping ~*~*~tactically~*~*~ (outnumbered).
   949 | D:2      | 949 ||| Stepping ~*~*~tactically~*~*~ (outnumbered).
  1182 | D:2      | 1182 ||| UPGRADING to amulet of the acrobat.
  1190 | D:2      | 1190 ||| Stepping ~*~*~tactically~*~*~ (outnumbered).
  1192 | D:2      | Reached skill level 3 in Unarmed Combat
  1194 | D:2      | 1194 ||| Stepping ~*~*~tactically~*~*~ (hiding).
  1195 | D:2      | 1195 ||| Stepping ~*~*~tactically~*~*~ (outnumbered).
  1196 | D:2      | 1196 ||| Stepping ~*~*~tactically~*~*~ (outnumbered).
  1197 | D:2      | 1197 ||| Stepping ~*~*~tactically~*~*~ (outnumbered).
  1198 | D:2      | 1198 ||| Stepping ~*~*~tactically~*~*~ (outnumbered).
  1199 | D:2      | HP: 5/28 [gnoll/+0 club (7)]
  1199 | D:2      | Slain by a gnoll

Levels and vault maps discovered:
D:1:      scummos_arrival_gate, layout_rooms
D:2:      layout_rooms, basic_altar, minmay_misc_feat_plants, item_on_display_a

Skill      XL: |  1  2  3 |
---------------+----------+-----
Unarmed Combat | 1 2 3 |  3.0
Fighting       | 1 |  1.0
Dodging        | |  1.7
Stealth        | |  2.1
Spellcasting   | |  1.7
Conjurations   | |  0.7
Fire Magic     | |  2.4

Action                   || total
-------------------------++-------
Melee: Unarmed           ||   127
  Use: Scroll            ||     2
Armor: Robe              ||    14
       Plate armour      ||    41
Dodge: Dodged            ||    63

Table legend:
 A = Non-vault XP
 B = Vault XP
 C = Vault XP percentage of total XP
 D = Non-vault monster count
 E = Vault monster count
 F = Vault count percentage of total count
                 A         B        C        D         E       F
            +---------+---------+-------+---------+---------+-------
      Total |      56 |       0 |   0.0 |      29 |       0 |   0.0
            +---------+---------+-------+---------+---------+-------
        D:1 |      29 |       0 |   0.0 |      16 |       0 |   0.0
        D:2 |      27 |       0 |   0.0 |      13 |       0 |   0.0
            +---------+---------+-------+---------+---------+-------
